 Dungeon Crawl Stone Soup version 0.29.1-1-gd02db6906a (webtiles) character file.

Game seed: 11543411528409637664

60 raincastle the Agent of Entropy (level 3, 0/29 HPs)
             Began as a Demonspawn Abyssal Knight on Sept 20, 2022.
             Was a Priest of Lugonu.
             Slain by an ogre
             ... wielding a +0 giant spiked club
              (23 damage)
             ... on level 4 of the Dungeon.
             The game lasted 00:09:45 (3113 turns).

raincastle the Agent of Entropy (DsAK)              Turns: 3113, Time: 00:09:49

Health: 0/29       AC:  8    Str: 15    XL:     3   Next: 80%
Magic:  5/5        EV:  6    Int: 11    God:    Lugonu [***...]
Gold:   226        SH:  0    Dex: 13    Spells: 2/2 levels left

rFire   . . .      SeeInvis .   a - +1 mace
rCold   . . .      Faith    .   (no shield)
rNeg    . . .      Spirit   .   n - +0 chain mail
rPois   .          Reflect  .   (no helmet)
rElec   .          Harm     .   (no cloak)
rCorr   .          Rampage  .   (no gloves)
Will    .....                   (no boots)
Stlth   ..........              e - amulet of the acrobat
HPRegen 0.09/turn               (no ring)
MPRegen 0.09/turn               (no ring)

@: no status effects
A: foul stench 2
a: Renounce Religion, Depart the Abyss, Bend Space, Banish


You were on level 4 of the Dungeon.
You worshipped Lugonu.
Lugonu was most pleased with you.
You visited 1 branch of the dungeon, and saw 5 of its levels.
You visited the Abyss 1 time.

You collected 226 gold pieces.

Inventory:

Hand Weapons
 a - a +1 mace (weapon)
Armour
 b - a +0 leather armour
 n - a +0 chain mail (worn)
Jewellery
 e - an amulet of the acrobat (around neck)
 m - an amulet of reflection
Wands
 o - a wand of flame (5)
Scrolls
 c - 4 scrolls of teleportation
 d - a scroll of enchant armour {unknown}
 f - a scroll of blinking
 l - a scroll of enchant weapon {unknown}
Potions
 g - a potion of lignification {unknown}
 h - a potion of attraction {unknown}
 i - 2 potions of ambrosia {unknown}
 j - a potion of curing {unknown}
 k - a potion of heal wounds {unknown}


   Skills:
 - Level 3.0 Fighting
 * Level 3.1 Maces & Flails
 + Level 2.1 Armour
 - Level 0.8 Dodging
 * Level 3.4 Invocations


You had 2 spell levels left.
You didn't know any spells.
Your spell library contained the following spells:

 Spells                   Type           Power      Damage    Failure   Level
 Summon Small Mammal      Summ           0%         N/A       100%        1
 Call Canine Familiar     Summ           0%         N/A       100%        3
 Summon Guardian Golem    Hex/Summ       0%         N/A       100%        3


Dungeon Overview and Level Annotations

Branches:
Dungeon (5/15)
 Temple: D:4-7

Altars:
Ashenzari
Uskayaw


Innate Abilities, Weirdness & Mutations

You sometimes emit foul miasma when damaged in melee.


Message History

You hit the orc.
You kill the orc!
Lugonu accepts your kill. The orc barely misses you.
You hit the orc but do no damage. The orc hits you but does no damage.
You closely miss the orc. The orc hits you but does no damage.
The orc closely misses you.
You hit the orc.
The orc is lightly wounded.
The orc barely misses you.
You sock the orc!
You kill the orc!
Lugonu accepts your kill.
You start resting.
HP restored.
An orc comes into view. It is wielding a +0 hand axe.
The orc shouts!
You hear a shout! x2; You hear an angry hiss.
An orc wizard comes into view. It is wielding a +0 dagger.
You hear a shout!
Things that are here:
a +0 hand axe; a +0 leather armour; an orc corpse An orc comes into view.
It is wielding a +0 club.
Things that are here:
a +0 falchion; a +0 chain mail; an orc corpse An ogre comes into view.
It is wielding a +0 giant spiked club.
The orc wizard misses you.
There is a stone staircase leading down here.
You can't go up here!
The orc wizard hits you but does no damage.
The orc hits you but does no damage.
You climb downwards.
There is a stone staircase leading up here.
Okay, then.
The orc wizard hits you with a +0 dagger.
The orc hits you but does no damage. The scorpion stings you.
You climb upwards.
The ball python hisses angrily.
The ogre hits you with a +0 giant spiked club!!
Ouch! That really hurt!
You die...

.# S#### ....
##..# ....# #
###...#.###
#.##<[os......
#....o@O.....#
......#...o...#.#
.###.####........
#. ....###.# #
##.## # .# .# .#


You could see an ogre, a scorpion, an orc wizard, 2 orcs and a ball python.

Vanquished Creatures
  4 dart slugs
  3 orcs
  5 bats
  2 endoplasms (D:2)
  2 giant cockroaches (D:2)
  5 goblins
  2 hobgoblins (D:1)
  4 jackals (D:2)
  2 kobolds
  A quokka (D:2)
  7 ball pythons
  4 frilled lizards
  6 rats
47 creatures vanquished.

Notes
Turn   | Place    | Note
-------+----------+-------------------------------------------
     0 | Abyss:1  | raincastle the Demonspawn Abyssal Knight began the quest
                  | for the Orb.
     0 | Abyss:1  | Reached XP level 1. HP: 18/18 MP: 2/2
     1 | D:1      | Escaped the Abyss
   447 | D:1      | Gained mutation: You may rarely emit foul miasma when
                  | damaged in melee. [demonic ancestry]
   447 | D:1      | Reached XP level 2. HP: 24/24 MP: 4/4
  1210 | D:2      | Gained mutation: You sometimes emit foul miasma when
                  | damaged in melee. [demonic ancestry]
  1210 | D:2      | Reached XP level 3. HP: 20/29 MP: 5/5
  1410 | D:2      | Reached *** piety under Lugonu
  2969 | D:3      | Found a broken altar of Ashenzari.
  2971 | D:3      | Found a hide-covered altar of Uskayaw.
  3109 | D:4      | Noticed an ogre
  3111 | D:5      | Entered Level 5 of the Dungeon
  3111 | D:5      | Noticed a scorpion
  3113 | D:4      | Slain by an ogre

Illustrated notes

Levels and vault maps discovered:
D:1:      eino_arrival_water_star, layout_loops_corners
D:2:      layout_basic, corexii_shack, minmay_misc_feat_x
D:3:      layout_basic, mainiacjoe_overflow_alcove_2, grunt_temple_overflow_open
D:4:      layout_loops_ring, serial_shops, nicolae_shop_crystal,
          hangedman_decor_diamond_cutter
D:5:      layout_basic, minmay_temple_entry_wispy, serial_bayou_pond_a

Skill      XL: |  1  2  3 |
---------------+----------+-----
Maces & Flails | 2 3 |  3.1
Armour         | 2 |  2.1
Invocations    | 3 |  3.4
Fighting       | |  3.0
Dodging        | |  0.8

Action                   || total
-------------------------++-------
Melee: Mace              ||   130
Invok: Bend Space        ||    15
       Banish            ||     1
  Use: Scroll            ||     2
Armor: Leather armour    ||    32
       Chain mail        ||    26
Dodge: Dodged            ||    87
